 Dungeon Crawl Stone Soup version 0.22-a0-414-gacd343e (webtiles) character file.

55048 Mgcat the Basher (level 14, -10/113 HPs)
             Began as a Gnoll Chaos Knight on May 13, 2018.
             Drowned by a drowned soul (17 damage)
             ... summoned by a merfolk avatar
             ... on level 6 of the Lair of Beasts.
             The game lasted 01:23:15 (19490 turns).

Mgcat the Basher (Gnoll Chaos Knight)              Turns: 19490, Time: 01:23:15

Health: -10/113    AC: 12    Str: 17      XL:     14   Next: 75%
Magic:  20/30      EV: 19    Int: 21 (22) God:    Xom [......]
Gold:   916        SH:  0    Dex: 17 (21) Spells: 12/31 levels left

rFire    + + +     SeeInvis +   b - +6 dagger of Saahoyt {freeze, rElec MP+9}
rCold    + + +     Gourm    .   (no shield)
rNeg     . . .     Faith    .   J - +2 robe {Archmagi}
rPois    +         Spirit   .   Z - +1 hat {SInv}
rElec    +         Reflect  .   n - scarf {rC+ rF+}
rCorr    +         Harm     .   T - +2 pair of gloves
MR       ++...     Clarity  +   Q - +1 pair of boots
Stlth    ++++......             Y - amulet of magic regeneration
HPRegen  1.08/turn              P - ring of protection from fire {rF+, !d}
MPRegen  0.47/turn              f - ring "Piss" {rCorr rPois rC++ Dex+3}

@: flying
A: distributed training, fangs 1, horns 2, icy blue scales 1, see invisible,
agile 2, blink, clarity, clever 2, deformed body, deterioration 1, fire
resistance 2, low mp 2, magic resistance 1, poison resistance, regeneration 2,
wild magic 1, MP-powered wands, strong nose
a: Blink, Renounce Religion


You were on level 6 of the Lair of Beasts.
You worshipped Xom.
You were a very special plaything of Xom.
You were not hungry.

You visited 2 branches of the dungeon, and saw 17 of its levels.
You also visited: Ice Cave.

You collected 1713 gold pieces.
You spent 797 gold pieces at shops.

Inventory:

Hand Weapons
 a - the +7 hunting sling "Kuitobb" {chaos, rF+}
   (Xom gifted it to you on level 9 of the Dungeon)

   Each projectile launched from it has a different, random effect.
   It protects you from fire.
 b - the +6 dagger of Saahoyt (weapon) {freeze, rElec MP+9}
   (You found it on level 11 of the Dungeon)

   It has been specially enchanted to freeze those struck by it, causing extra
   injury to most foes and up to half again as much damage against particularly
   susceptible opponents.
   It can also slow down cold-blooded creatures.
   It insulates you from electricity.
   It affects your magic capacity (+9).
 h - a +1 demon blade of venom
   (You found it in an ice cave)
Missiles
 o - 3 javelins of penetration (quivered)
 s - 3 curare-tipped needles
 C - 3 throwing nets {=f, !d}
 F - 357 stones
 N - 21 sling bullets
Armour
 n - a scarf of resistance (worn)
   (You found it on level 1 of the Dungeon)
 x - a scarf of spirit shield
   (You found it on level 4 of the Lair of Beasts)
 J - a +2 robe of the Archmagi (worn)
   (You bought it in a shop on level 11 of the Dungeon)
 Q - a +1 pair of boots (worn)
   (You found it on level 10 of the Dungeon)
 T - a +2 pair of gloves (worn)
   (You found it on level 11 of the Dungeon)
 X - the +1 leather armour "Ruatozef" {rElec Slay+3}
   (You found it on level 6 of the Lair of Beasts)

   It affects your accuracy and damage with ranged weapons and melee attacks
   (+3).
   It insulates you from electricity.
 Z - a +1 hat of see invisible (worn)
   (You found it in an ice cave)
Magical Staves
 e - an uncursed staff of cold {unknown}
   (You found it in an ice cave)
 t - an uncursed staff of poison {rPois}
   (You found it on level 4 of the Dungeon)
Jewellery
 f - the ring "Piss" (right hand) {rCorr rPois rC++ Dex+3}
   (Xom gifted it to you on level 9 of the Dungeon)

   [ring of resist corrosion]

   It affects your dexterity (+3).
   It greatly protects you from cold.
   It protects you from poison.
 P - a ring of protection from fire (left hand) {rF+, !d}
   (You found it on level 1 of the Lair of Beasts)
 Y - an amulet of magic regeneration (around neck)
   (You found it on level 6 of the Lair of Beasts)
Wands
 d - a wand of clouds (12)
   (You found it on level 1 of the Lair of Beasts)
 q - a wand of digging (28)
   (You took it off Duvessa on level 4 of the Dungeon)
 r - a wand of iceblast (4)
   (You took it off a kobold on level 9 of the Dungeon)
 u - a wand of flame (81)
   (You found it on level 11 of the Dungeon)
 B - a wand of random effects (17)
   (You found it on level 6 of the Dungeon)
 I - a wand of enslavement (28)
   (You took it off a gnoll on level 8 of the Dungeon)
 K - a wand of scattershot (8)
   (Xom gifted it to you on level 5 of the Lair of Beasts)
 M - a wand of polymorph (51)
   (You found it on level 10 of the Dungeon)
 U - a wand of paralysis (11)
   (You found it on level 4 of the Lair of Beasts)
Scrolls
 i - 4 scrolls of teleportation
 l - 3 scrolls of amnesia
 v - 2 scrolls of remove curse
 y - 2 scrolls of fog
 E - 5 scrolls of identify
 S - a scroll of enchant armour
Potions
 g - a potion of agility
 k - 3 potions of degeneration {unknown}
 m - a potion of flight
 p - 2 potions of haste {unknown}
 w - 3 potions of brilliance
 z - a potion of ambrosia {unknown}
 D - 4 potions of mutation {!q}
 H - a potion of cancellation
 L - 3 potions of berserk rage {unknown}
 R - 2 potions of resistance
 W - a potion of lignification {unknown}
Miscellaneous
 A - a fan of gales
   (You found it on level 9 of the Dungeon)
 O - a sack of spiders
Comestibles
 c - 32 rations
 j - 14 chunks of flesh {@w0}


   Skills:
 + Level 11.2 Fighting
 + Level 9.3 Short Blades
 + Level 9.3 Long Blades
 + Level 9.3 Axes
 + Level 11.2 Maces & Flails
 + Level 9.3 Polearms
 + Level 9.3 Staves
 + Level 9.3 Slings
 + Level 9.3 Bows
 + Level 9.3 Crossbows
 + Level 9.3 Throwing
 + Level 10.3 Armour
 + Level 9.7 Dodging
 + Level 9.3 Stealth
 + Level 9.3 Shields
 + Level 9.3 Unarmed Combat
 + Level 9.3 Spellcasting
 + Level 7.8 Conjurations
 + Level 7.8 Hexes
 + Level 7.8 Charms
 + Level 7.8 Summonings
 + Level 7.8 Necromancy
 + Level 7.8 Translocations
 + Level 7.8 Transmutations
 + Level 7.8 Fire Magic
 + Level 7.8 Ice Magic
 + Level 7.8 Air Magic
 + Level 7.8 Earth Magic
 + Level 7.8 Poison Magic
 + Level 10.1 Invocations
 + Level 9.3 Evocations


You had 12 spell levels left.
You knew the following spells:

 Your Spells              Type           Power        Failure   Level  Hunger
a - Dazzling Spray        Conj/Hex       ######       1%          3    None
b - Mephitic Cloud        Conj/Pois/Air  ######..     1%          3    None
c - Animate Dead          Necr           N/A          4%          4    ##.....
d - Regeneration          Chrm/Necr      ######....   1%          3    None
e - Conjure Flame         Conj/Fire      ######..     1%          3    None
f - Magic Dart            Conj           ####         1%          1    None
g - Call Imp              Summ           ######..     1%          2    None

Your spell library contained the following spells:

 Spells                   Type           Power        Failure   Level  Hunger
 Apportation              Tloc           ######       1%          1    None
 Lightning Bolt           Conj/Air       ######....   12%         5    #####..
 Slow                     Hex            ######..     1%          2    None
 Confuse                  Hex            ######..     1%          3    None
 Invisibility             Hex            ######..     50%         6    ######.
 Blink                    Tloc           N/A          1%          2    None
 Pain                     Necr           ####         1%          1    None
 Animate Skeleton         Necr           N/A          1%          1    None
 Vampiric Draining        Necr           ######....   1%          3    None
 Tukima's Dance           Hex            ######..     1%          3    None
 Ensorcelled Hibernation  Hex/Ice        ######       1%          2    None
 Summon Butterflies       Summ           ######..     1%          1    None
 Shatter                  Erth           ######....   100%        9    #######
 Static Discharge         Conj/Air       ######..     1%          3    None
 Corona                   Hex            ######.      1%          1    None
 Alistair's Intoxication  Tmut/Pois      ######..     12%         5    #####..
 Tornado                  Air            ######....   100%        9    #######
 Lesser Beckoning         Tloc           ######....   1%          3    None
 Ignition                 Fire           ######....   100%        8    #######


Dungeon Overview and Level Annotations

Branches:
Dungeon (11/15)            Temple (0/1) D:4            Lair (6/6) D:10
  Swamp (0/4) Lair:3        Snake (0/4) Lair:2        Slime (0/5) Lair:5
    Orc: D:9-12

Altars:
Makhleb
Xom
Yredelemnul
Jiyva

Shops:
D:9 [   D:11 !::([

Annotations:
Lair:6 exclusion: 2 oklob plants


Innate Abilities, Weirdness & Mutations

Your experience applies equally to all skills.
You have very sharp teeth.
Your uncanny sense of smell can sniff out nearby items.
You have a pair of horns on your head.
You are partially covered in icy blue scales. (AC +2)
You have supernaturally acute eyesight. (SInv)
You are very agile. (Dex +4)
You can translocate small distances at will.
You possess an exceptional clarity of mind.
Your mind is very acute. (Int +4)
Armour fits poorly on your strangely shaped body.
Your body sometimes deteriorates upon taking damage.
Your flesh is very heat resistant. (rF++)
Your magical capacity is very low. (-20% MP)
You are resistant to hostile enchantments. (MR+)
Your system is resistant to poisons. (rPois)
You heal very quickly.
Your spells are a little harder to cast, but a little more powerful.
You expend magic power (3 MP) to strengthen your wands.


Message History

Your bite misses the harpy.
The harpy is almost dead.
The merfolk avatar is no longer blind.
The harpy claws you. x2
The merfolk avatar chants a haunting song.
You are unaffected.
The harpy claws you. The harpy completely misses you. The harpy claws you.
The harpy barely misses you. The drowned soul touches you.
The drowned soul drowns you!
You hit the harpy. You freeze the harpy.
You kill the harpy!
The drowned soul touches you. The drowned soul drowns you!
The merfolk avatar chants a haunting song.
You are unaffected.
You hit the merfolk avatar. You freeze the merfolk avatar.
You headbutt the merfolk avatar, but do no damage.
The merfolk avatar is moderately wounded.
The drowned soul touches you. The drowned soul drowns you!
Casting: Dazzling Spray (safe; 1% risk of failure)
Confirm with . or Enter, or press ? or * to list all spells.
You feel a surge of power!
Your skin crawls.
The drowned soul touches you. The drowned soul drowns you!
The merfolk avatar chants a haunting song.
You are unaffected.
Unknown command.
Unknown command.
Unknown command.
Unknown command.
Casting: Regeneration (safe; 1% risk of failure)
Confirm with . or Enter, or press ? or * to list all spells.
You can't see any susceptible monsters within range! (Use Z to cast anyway.)
Your skin is crawling a little less now.
The drowned soul returns to the deep!
The merfolk avatar chants a haunting song.
You are unaffected.
The drowned soul touches you. The drowned soul drowns you!
* * * LOW HITPOINT WARNING * * *
You hit the merfolk avatar but do no damage.
You headbutt the merfolk avatar!
The merfolk avatar is moderately wounded.
Casting: Regeneration (safe; 1% risk of failure)
Confirm with . or Enter, or press ? or * to list all spells.
Aiming: Dazzling Spray (safe; 1% risk of failure)
Press: ? - help, Shift-Dir - straight line, f/p - merfolk avatar
Aim: a merfolk avatar (moderately wounded, unusually resistant)
You feel a surge of power!
The spray of energy hits the merfolk avatar.
The merfolk avatar is heavily wounded.
The spray of energy hits the plant.
The plant is lightly damaged.
The spray of energy misses the drowned soul. x2
Casting: Dazzling Spray (safe; 1% risk of failure)
Confirm with . or Enter, or press ? or * to list all spells.
Aiming: Dazzling Spray (safe; 1% risk of failure)
Press: ? - help, Shift-Dir - straight line, f/p - merfolk avatar
Aim: a merfolk avatar (heavily wounded, unusually resistant)
You feel a surge of power!
The spray of energy hits the merfolk avatar.
The merfolk avatar is heavily wounded.
The merfolk avatar is dazzled.
The spray of energy hits the drowned soul.
The drowned soul is severely damaged.
The spray of energy hits the drowned soul.
The drowned soul is heavily damaged.
You puncture the merfolk avatar! You freeze the merfolk avatar.
Your headbutt misses the merfolk avatar.
The merfolk avatar is severely wounded.
The merfolk avatar chants a haunting song.
You are unaffected.
You closely miss the merfolk avatar.
The merfolk avatar is severely wounded.
The drowned soul touches you. The drowned soul drowns you!
* * * LOW HITPOINT WARNING * * *
Your body deteriorates!
You feel dopey.
Unknown command.
Unknown command.
You hit the merfolk avatar. You freeze the merfolk avatar.
Your headbutt misses the merfolk avatar.
You bite the merfolk avatar, but do no damage.
The merfolk avatar is severely wounded.
The drowned soul touches you. The drowned soul drowns you!
* * * LOW HITPOINT WARNING * * *
Unknown command.
Unknown command.
Unknown command.
Okay, then.
Unknown command.
Unknown command.
Unknown command.
Unknown command.
Unknown command.
Unknown command.
Your skin stops crawling.
The merfolk avatar chants a haunting song.
You are unaffected.
The merfolk avatar is no longer blind.
The merfolk avatar chants a haunting song.
You are unaffected.
The drowned soul touches you.
* * * LOW HITPOINT WARNING * * *
The drowned soul drowns you!
You die...
Xom is highly amused!

...........#≈.##################.
♣≈...÷...≈#.≈.≈≈8#8≈≈≈≈≈≈≈≈8*≈≈≈#
≈........≈P≈≈≈≈≈≈#≈≈≈≈≈≈≈P≈≈*≈≈P≈
≈.........≈≈≈#≈≈≈#≈≈≈≈≈P≈≈≈≈*≈≈≈≈
≈≈.......≈##≈#≈≈≈#≈≈P≈≈≈≈≈≈≈*≈≈≈≈
≈.........##≈#≈≈≈≈≈≈≈?(?}P*≈,≈P≈.
≈≈........≈≈≈≈≈8≈≈≈m≈$≈≈)≈≈≈*≈≈≈≈
♣≈........≈≈≈≈≈8≈≈≈≈≈$≈≈=≈≈≈,#≈≈≈
.......P.≈.#≈#≈≈@≈WW≈W![!≈≈≈*≈≈≈.
...P....PP.#≈#≈≈≈#W≈≈P≈≈≈≈≈≈*≈≈P≈
....P##P.P≈≈≈#≈≈≈#≈≈≈≈≈≈#≈H≈*≈≈≈≈
#....##PP.≈≈≈≈≈≈≈#≈≈≈≈≈≈≈≈≈≈*≈P≈≈
#....###...#≈#≈≈.#8≈≈≈≈≈≈≈≈,*8≈≈#
......##..##≈.########.#.######*#
#...#.##..≈≈≈≈≈≈≈≈≈≈≈≈#≈≈≈≈≈≈≈≈≈≈
....###,,≈≈≈≈≈≈≈≈≈≈P≈≈≈≈≈≈≈≈≈P≈≈≈
.....#**,,*#≈≈##≈≈##≈≈.#≈≈##≈≈#.≈


You could see a merfolk avatar and 4 drowned souls.

Vanquished Creatures
  Rupert (Lair:4)
  A hydra (shapeshifter) (Lair:4)
  An ice dragon (Lair:6)
  9 hydras
  A catoblepas (Lair:4)
  A death yak (shapeshifter) (Lair:5)
  A fire crab (shapeshifter) (Lair:5)
  A lindwurm (Lair:6)
  3 harpies (Lair:6)
  The ghost of mortelune the Firebug, a novice DrFE of Vehumet (D:6)
  A manticore (Lair:6)
  2 ice statues (IceCv)
  21 elephants
  4 black mambas
  14 spiny frogs
  4 rime drakes
  10 ice devils (IceCv)
  9 komodo dragons
  3 trolls
  A troll (shapeshifter) (Lair:3)
  3 polar bears (Lair:6)
  A jumping spider (Lair:3)
  Prince Ribbit (D:7)
  A hornet (D:8)
  15 blink frogs
  9 hippogriffs
  A spriggan (Lair:2)
  A shadow (D:11)
  A wraith (D:11)
  4 wyverns
  4 basilisks
  26 yaks
  3 hungry ghosts
  2 steam dragons
  Menkaure (D:5)
  3 nagas (Lair:2)
  3 soldier ants
  Duvessa (D:4)
  10 water moccasins
  8 porcupines
  Purgy (D:3)
  3 orc warriors
  A swamp drake (D:8)
  An ice beast (D:7)
  A sky beast (D:8)
  A black bear (D:10)
  2 necrophages (D:9)
  A phantom (D:5)
  10 wolves
  5 centaurs
  6 crocodiles
  An ogre (D:6)
  A big kobold (D:9)
  14 bullfrogs
  A gnoll sergeant (D:10)
  Dowan (D:4)
  A wyvern skeleton (D:11)
  2 scorpions
  A water moccasin skeleton (D:6)
  5 killer bees (D:7)
  12 wights
  4 howler monkeys
  2 crimson imps
  4 bullfrog zombies
  2 quasits (D:9)
  A centaur skeleton (D:6)
  A hound (D:6)
  6 jellies (D:8)
  12 orc wizards
  4 orc priests
  4 bullfrog skeletons
  Natasha (thrice) (D:3)
  6 worker ants
  A killer bee zombie (D:9)
  A hound skeleton (D:10)
  A mummy (D:9)
  A worker ant zombie (D:11)
  11 gnolls
  14 adders
  3 shadow imps
  5 white imps
  3 ufetubi (IceCv)
  4 adder zombies
  3 worms
  3 dart slugs
  9 leopard geckos
  35 orcs
  2 ball pythons
  7 giant cockroaches
  13 goblins
  6 hobgoblins (D:1)
  11 jackals
  A quokka (D:6)
  9 bats
  4 frilled lizards
  10 kobolds
  A leopard gecko zombie (D:8)
  6 rats
  A fungus (Lair:6)
472 creatures vanquished.

Vanquished Creatures (collateral kills)
  An elephant (Lair:4)
  A komodo dragon (Lair:6)
  An ice devil (IceCv)
  5 yaks
  2 water moccasins (Lair:6)
  A gnoll (D:9)
  A white imp (IceCv)
  An orc (D:4)
13 creatures vanquished.

Vanquished Creatures (others)
  A reaper (IceCv)
  A polar bear (Lair:6)
  A blink frog (Lair:5)
  5 yaks
  A water moccasin (Lair:6)
  A bullfrog (D:7)
  A worker ant (D:7)
  6 white imps (IceCv)
  5 ufetubi (IceCv)
  2 orcs
  14 fungi
  26 plants
64 creatures vanquished.

Grand Total: 549 creatures vanquished

Notes
Turn   | Place    | Note
-------+----------+-------------------------------------------
     0 | D:1      | Mgcat the Gnoll Chaos Knight began the quest for the Orb.
     0 | D:1      | Reached XP level 1. HP: 23/23 MP: 1/1
    12 | D:1      | Noticed an electric eel
    74 | D:1      | XOM: harmless Pois miscast
    83 | D:1      | Reached XP level 2. HP: 16/29 MP: 2/2
   175 | D:1      | XOM: silly message
   430 | D:1      | XOM: cloud trail
   454 | D:1      | Reached XP level 3. HP: 35/35 MP: 3/3
   923 | D:2      | Reached skill level 1 in Invocations
  1155 | D:2      | Reached skill level 1 in Short Blades
  1155 | D:2      | Reached skill level 1 in Long Blades
  1155 | D:2      | Reached skill level 1 in Axes
  1155 | D:2      | Reached skill level 1 in Polearms
  1155 | D:2      | Reached skill level 1 in Staves
  1155 | D:2      | Reached skill level 1 in Slings
  1155 | D:2      | Reached skill level 1 in Bows
  1155 | D:2      | Reached skill level 1 in Crossbows
  1155 | D:2      | Reached skill level 1 in Throwing
  1155 | D:2      | Reached skill level 1 in Stealth
  1155 | D:2      | Reached skill level 1 in Shields
  1155 | D:2      | Reached skill level 1 in Unarmed Combat
  1155 | D:2      | Reached skill level 1 in Spellcasting
  1155 | D:2      | Reached skill level 1 in Evocations
  1376 | D:2      | Reached XP level 4. HP: 41/41 MP: 5/5
  1404 | D:2      | XOM: 4-stop teleportation journey
  1706 | D:2      | XOM: divination: detect creatures
  1987 | D:3      | Reached skill level 1 in Conjurations
  1987 | D:3      | Reached skill level 1 in Hexes
  1987 | D:3      | Reached skill level 1 in Charms
  1987 | D:3      | Reached skill level 1 in Summonings
  1987 | D:3      | Reached skill level 1 in Necromancy
  1987 | D:3      | Reached skill level 1 in Translocations
  1987 | D:3      | Reached skill level 1 in Transmutations
  1987 | D:3      | Reached skill level 1 in Fire Magic
  1987 | D:3      | Reached skill level 1 in Ice Magic
  1987 | D:3      | Reached skill level 1 in Air Magic
  1987 | D:3      | Reached skill level 1 in Earth Magic
  1987 | D:3      | Reached skill level 1 in Poison Magic
  1992 | D:3      | XOM: silly message
  1995 | D:3      | XOM: potion effect (heal wounds)
  2047 | D:3      | Noticed Purgy
  2053 | D:3      | XOM: potion effect (haste)
  2055 | D:3      | Killed Purgy
  2055 | D:3      | Reached skill level 3 in Dodging
  2055 | D:3      | Reached XP level 5. HP: 41/47 MP: 5/7
  2063 | D:3      | Gained mutation: You have supernaturally acute eyesight. (SInv) [potion of mutation]
  2063 | D:3      | Gained mutation: You have a pair of small horns on your head. [potion of mutation]
  2063 | D:3      | Gained mutation: Your natural rate of healing is unusually fast. [potion of mutation]
  2063 | D:3      | Gained mutation: You have a pair of horns on your head. [potion of mutation]
  2074 | D:3      | Reached XP level 6. HP: 51/53 MP: 6/8
  2134 | D:3      | Noticed Natasha
  2145 | D:3      | Killed Natasha
  2145 | D:3      | Reached skill level 2 in Invocations
  2171 | D:3      | Noticed Natasha
  2175 | D:3      | Killed Natasha
  2289 | D:3      | Found a burning altar of Makhleb.
  2289 | D:3      | Noticed a balrug
  2331 | D:3      | Noticed Natasha
  2336 | D:3      | Killed Natasha
  2336 | D:3      | Reached skill level 5 in Armour
  2365 | D:3      | XOM: harmless Air miscast
  2509 | D:4      | Found a staircase to the Ecumenical Temple.
  2531 | D:4      | Reached skill level 2 in Short Blades
  2531 | D:4      | Reached skill level 2 in Long Blades
  2531 | D:4      | Reached skill level 2 in Axes
  2531 | D:4      | Reached skill level 2 in Polearms
  2531 | D:4      | Reached skill level 2 in Staves
  2531 | D:4      | Reached skill level 2 in Slings
  2531 | D:4      | Reached skill level 2 in Bows
  2531 | D:4      | Reached skill level 2 in Crossbows
  2531 | D:4      | Reached skill level 2 in Throwing
  2531 | D:4      | Reached skill level 2 in Stealth
  2531 | D:4      | Reached skill level 2 in Shields
  2531 | D:4      | Reached skill level 2 in Unarmed Combat
  2531 | D:4      | Reached skill level 2 in Spellcasting
  2531 | D:4      | Reached skill level 2 in Evocations
  2537 | D:4      | Noticed Duvessa
  2538 | D:4      | Noticed Dowan
  2539 | D:4      | XOM: cast spell 'Shadow Creatures'
  2561 | D:4      | Killed Duvessa
  2561 | D:4      | Reached XP level 7. HP: 40/59 MP: 10/10
  2568 | D:4      | Killed Dowan
  2568 | D:4      | Reached skill level 7 in Fighting
  2568 | D:4      | Reached skill level 7 in Maces & Flails
  2582 | D:4      | Found a basalt altar of Yredelemnul.
  2624 | D:4      | Reached skill level 2 in Conjurations
  2624 | D:4      | Reached skill level 2 in Hexes
  2624 | D:4      | Reached skill level 2 in Charms
  2624 | D:4      | Reached skill level 2 in Summonings
  2624 | D:4      | Reached skill level 2 in Necromancy
  2624 | D:4      | Reached skill level 2 in Translocations
  2624 | D:4      | Reached skill level 2 in Transmutations
  2624 | D:4      | Reached skill level 2 in Fire Magic
  2624 | D:4      | Reached skill level 2 in Ice Magic
  2624 | D:4      | Reached skill level 2 in Air Magic
  2624 | D:4      | Reached skill level 2 in Earth Magic
  2624 | D:4      | Reached skill level 2 in Poison Magic
  2691 | D:4      | XOM: harmless Fire miscast
  3130 | D:3      | XOM: divination: magic mapping
  3287 | D:5      | Entered Level 5 of the Dungeon
  3406 | D:5      | Noticed Menkaure
  3411 | D:5      | XOM: swap monsters
  3413 | D:5      | Killed Menkaure
  3413 | D:5      | Reached skill level 3 in Invocations
  3413 | D:5      | Reached XP level 8. HP: 63/67 MP: 10/12
  3420 | D:5      | Got a brightly glowing dagger
  3421 | D:5      | Identified the +7 dagger "Qoxapy" {protect, MP+9} (You found it on level 5 of the Dungeon)
  3705 | D:5      | Reached skill level 3 in Short Blades
  3705 | D:5      | Reached skill level 3 in Long Blades
  3705 | D:5      | Reached skill level 3 in Axes
  3705 | D:5      | Reached skill level 3 in Polearms
  3705 | D:5      | Reached skill level 3 in Staves
  3705 | D:5      | Reached skill level 3 in Slings
  3705 | D:5      | Reached skill level 3 in Bows
  3705 | D:5      | Reached skill level 3 in Crossbows
  3705 | D:5      | Reached skill level 3 in Throwing
  3705 | D:5      | Reached skill level 4 in Dodging
  3705 | D:5      | Reached skill level 3 in Stealth
  3705 | D:5      | Reached skill level 3 in Shields
  3705 | D:5      | Reached skill level 3 in Unarmed Combat
  3705 | D:5      | Reached skill level 3 in Spellcasting
  3705 | D:5      | Reached skill level 3 in Evocations
  3761 | D:5      | XOM: torment (35/67 hp)
  3780 | D:5      | XOM: give mutations
  3780 | D:5      | Gained mutation: Your spells are a little harder to cast, but a little more powerful. [Xom's mischief]
  3780 | D:5      | Lost mutation: You have a pair of horns on your head. [Xom's mischief]
  3780 | D:5      | Gained mutation: You possess an exceptional clarity of mind. [Xom's mischief]
  3803 | D:5      | XOM: mild Pois miscast
  4387 | D:6      | XOM: silly message
  4392 | D:6      | Reached skill level 3 in Conjurations
  4392 | D:6      | Reached skill level 3 in Hexes
  4392 | D:6      | Reached skill level 3 in Charms
  4392 | D:6      | Reached skill level 3 in Summonings
  4392 | D:6      | Reached skill level 3 in Necromancy
  4392 | D:6      | Reached skill level 3 in Translocations
  4392 | D:6      | Reached skill level 3 in Transmutations
  4392 | D:6      | Reached skill level 3 in Fire Magic
  4392 | D:6      | Reached skill level 3 in Ice Magic
  4392 | D:6      | Reached skill level 3 in Air Magic
  4392 | D:6      | Reached skill level 3 in Earth Magic
  4392 | D:6      | Reached skill level 3 in Poison Magic
  4392 | D:6      | Reached skill level 4 in Invocations
  4405 | D:6      | Noticed mortelune's ghost (novice DrFE)
  4428 | D:6      | Killed mortelune's ghost
  4428 | D:6      | Reached skill level 6 in Armour
  4428 | D:6      | Reached XP level 9. HP: 37/73 MP: 14/14
  4694 | D:7      | XOM: stealth player
  4694 | D:7      | Noticed Prince Ribbit
  4735 | D:7      | Reached skill level 4 in Short Blades
  4735 | D:7      | Reached skill level 4 in Long Blades
  4735 | D:7      | Reached skill level 4 in Axes
  4735 | D:7      | Reached skill level 4 in Polearms
  4735 | D:7      | Reached skill level 4 in Staves
  4735 | D:7      | Reached skill level 4 in Slings
  4735 | D:7      | Reached skill level 4 in Bows
  4735 | D:7      | Reached skill level 4 in Crossbows
  4735 | D:7      | Reached skill level 4 in Throwing
  4735 | D:7      | Reached skill level 4 in Stealth
  4735 | D:7      | Reached skill level 4 in Shields
  4735 | D:7      | Reached skill level 4 in Unarmed Combat
  4735 | D:7      | Reached skill level 4 in Spellcasting
  4735 | D:7      | Reached skill level 4 in Evocations
  4780 | D:7      | XOM: summons 2 friendly demons
  4782 | D:7      | XOM: polymorph shadow imp -> crimson imp
  4800 | D:7      | Reached skill level 5 in Dodging
  4853 | D:7      | XOM: potion effect (invisibility)
  4856 | D:7      | Killed Prince Ribbit
  4856 | D:7      | Reached skill level 8 in Fighting
  4856 | D:7      | Reached skill level 8 in Maces & Flails
  4861 | D:7      | Learned a level 3 spell: Conjure Flame
  4865 | D:7      | Learned a level 3 spell: Mephitic Cloud
  4899 | D:7      | Reached skill level 5 in Invocations
  4943 | D:7      | XOM: potion effect (haste)
  4951 | D:7      | Reached XP level 10. HP: 80/80 MP: 17/17
  5144 | D:7      | Reached skill level 4 in Conjurations
  5144 | D:7      | Reached skill level 4 in Hexes
  5144 | D:7      | Reached skill level 4 in Charms
  5144 | D:7      | Reached skill level 4 in Summonings
  5144 | D:7      | Reached skill level 4 in Necromancy
  5144 | D:7      | Reached skill level 4 in Translocations
  5144 | D:7      | Reached skill level 4 in Transmutations
  5144 | D:7      | Reached skill level 4 in Fire Magic
  5144 | D:7      | Reached skill level 4 in Ice Magic
  5144 | D:7      | Reached skill level 4 in Air Magic
  5144 | D:7      | Reached skill level 4 in Earth Magic
  5144 | D:7      | Reached skill level 4 in Poison Magic
  5147 | D:7      | XOM: summons 2 hostile shadow creatures
  5176 | D:7      | XOM: draining
  5332 | D:8      | Found a viscous altar of Jiyva.
  5362 | D:8      | XOM: polymorph crimson imp -> white imp
  5393 | D:8      | XOM: give mutations
  5393 | D:8      | Gained mutation: Your magical capacity is low. (-10% MP) [Xom's mischief]
  5393 | D:8      | Gained mutation: Your magical capacity is very low. (-20% MP) [Xom's mischief]
  5448 | D:8      | Got a pitted flail {flame}
  5451 | D:8      | Identified the cursed +1 flail of Zuc Fero {flame, Str+2} (You took it off a gnoll on level 8 of the Dungeon)
  5619 | D:8      | Reached skill level 5 in Short Blades
  5619 | D:8      | Reached skill level 5 in Long Blades
  5619 | D:8      | Reached skill level 5 in Axes
  5619 | D:8      | Reached skill level 5 in Polearms
  5619 | D:8      | Reached skill level 5 in Staves
  5619 | D:8      | Reached skill level 5 in Slings
  5619 | D:8      | Reached skill level 5 in Bows
  5619 | D:8      | Reached skill level 5 in Crossbows
  5619 | D:8      | Reached skill level 5 in Throwing
  5619 | D:8      | Reached skill level 5 in Stealth
  5619 | D:8      | Reached skill level 5 in Shields
  5619 | D:8      | Reached skill level 5 in Unarmed Combat
  5619 | D:8      | Reached skill level 5 in Spellcasting
  5619 | D:8      | Reached skill level 5 in Evocations
  5631 | D:8      | XOM: summons 1 hostile demon
  5640 | D:8      | Noticed Grum
  5640 | D:8      | Noticed Grum
  5640 | D:8      | Grum changed into Grum the swamp drake
  5640 | D:8      | XOM: polymorph Grum -> Grum the swamp drake
  5644 | D:8      | XOM: confuse monster(s)
  5794 | D:8      | XOM: swap monsters
  5798 | D:8      | XOM: medium Chrm miscast
  5886 | D:8      | Reached skill level 7 in Armour
  5999 | D:8      | XOM: chaos cloud
  6020 | D:8      | XOM: noise
  6026 | D:8      | Killed Grum the swamp drake
  6119 | D:9      | XOM: polymorph orc warrior -> howler monkey
  6131 | D:8      | Reached skill level 6 in Dodging
  6210 | D:9      | XOM: summons 5 hostile demons
  6244 | D:9      | HP: 18/82 [troll (9)]
  6361 | D:9      | Found Biegh's Antique Armour Shoppe.
  6428 | D:8      | XOM: chaos upgrade
  6430 | D:8      | Reached skill level 6 in Invocations
  6547 | D:9      | XOM: enchant monster (bad)
  6595 | D:9      | Bought a shiny ring mail for 189 gold pieces
  6609 | D:9      | XOM: confuse monster(s)
  6640 | D:9      | XOM: confuse monster(s)
  6663 | D:9      | XOM: fog
  6673 | D:9      | Reached XP level 11. HP: 72/87 MP: 15/15
  6737 | D:9      | XOM: divination: detect items
  6738 | D:9      | XOM: cast spell 'Alistair's Intoxication'
  6798 | D:8      | XOM: medium Conj miscast
  6876 | D:9      | XOM: cast spell 'Summon Ice Beast'
  6970 | D:9      | Learned a level 4 spell: Animate Dead
  6974 | D:9      | XOM: god gift: shimmering hunting sling {god gift}
  6977 | D:9      | Got a shimmering hunting sling {god gift}
  6978 | D:9      | Identified the +7 hunting sling "Kuitobb" {chaos, rF+} (Xom gifted it to you on level 9 of the Dungeon)
  7064 | D:4      | XOM: god gift: 360 gold pieces
  7173 | D:3      | XOM: harmless Tloc miscast
  7366 | D:9      | XOM: harmless Necr miscast
  7564 | D:9      | XOM: god gift: scroll of noise
  7612 | D:9      | XOM: god gift: shimmering bone ring {god gift}
  7613 | D:9      | Got a shimmering bone ring {god gift}
  7616 | D:9      | Identified the ring "Piss" {rCorr rPois rC++ Dex+3} (Xom gifted it to you on level 9 of the Dungeon)
  7640 | D:10     | Entered Level 10 of the Dungeon
  7775 | D:10     | XOM: enchant monster (good)
  7778 | D:10     | Reached skill level 9 in Fighting
  7778 | D:10     | Reached skill level 6 in Short Blades
  7778 | D:10     | Reached skill level 6 in Long Blades
  7778 | D:10     | Reached skill level 6 in Axes
  7778 | D:10     | Reached skill level 9 in Maces & Flails
  7778 | D:10     | Reached skill level 6 in Polearms
  7778 | D:10     | Reached skill level 6 in Staves
  7778 | D:10     | Reached skill level 6 in Slings
  7778 | D:10     | Reached skill level 6 in Bows
  7778 | D:10     | Reached skill level 6 in Crossbows
  7778 | D:10     | Reached skill level 6 in Throwing
  7778 | D:10     | Reached skill level 6 in Stealth
  7778 | D:10     | Reached skill level 6 in Shields
  7778 | D:10     | Reached skill level 6 in Unarmed Combat
  7778 | D:10     | Reached skill level 6 in Spellcasting
  7778 | D:10     | Reached skill level 6 in Evocations
  7938 | D:10     | XOM: give mutations
  7938 | D:10     | Gained mutation: Armour fits poorly on your strangely shaped body. [Xom's mischief]
  7938 | D:10     | Gained mutation: Your body sometimes deteriorates upon taking damage. [Xom's mischief]
  7971 | D:10     | Reached skill level 5 in Conjurations
  7971 | D:10     | Reached skill level 5 in Hexes
  7971 | D:10     | Reached skill level 5 in Charms
  7971 | D:10     | Reached skill level 5 in Summonings
  7971 | D:10     | Reached skill level 5 in Necromancy
  7971 | D:10     | Reached skill level 5 in Translocations
  7971 | D:10     | Reached skill level 5 in Transmutations
  7971 | D:10     | Reached skill level 5 in Fire Magic
  7971 | D:10     | Reached skill level 5 in Ice Magic
  7971 | D:10     | Reached skill level 5 in Air Magic
  7971 | D:10     | Reached skill level 5 in Earth Magic
  7971 | D:10     | Reached skill level 5 in Poison Magic
  7976 | D:10     | Learned a level 3 spell: Regeneration
  8100 | D:10     | Noticed a six-headed hydra
  8108 | D:10     | Killed a six-headed hydra
  8566 | D:10     | Found a staircase to the Lair.
  8823 | D:11     | Found Jegruhy's Weapon Emporium.
  8843 | D:11     | Found Fodo's Book Emporium.
  8849 | D:11     | Found Ceitwox's Distillery.
  8861 | D:11     | Bought a potion of might for 48 gold pieces
  8861 | D:11     | Bought a potion of brilliance for 48 gold pieces
  8861 | D:11     | Bought a potion of resistance for 120 gold pieces
  9128 | D:11     | Got a steaming dagger
  9129 | D:11     | Identified the +6 dagger of Saahoyt {freeze, rElec MP+9} (You found it on level 11 of the Dungeon)
  9160 | D:11     | XOM: cloud trail
  9194 | D:11     | XOM: give mutations
  9194 | D:11     | Gained mutation: Your flesh is heat resistant. (rF+) [Xom's grace]
  9194 | D:11     | Gained mutation: You are partially covered in icy blue scales. (AC +2) [Xom's grace]
  9194 | D:11     | Gained mutation: You are agile. (Dex +2) [Xom's grace]
  9194 | D:11     | Gained mutation: Your mind is acute. (Int +2) [Xom's grace]
  9204 | D:11     | Found Zukoom's Book Shop.
  9302 | D:11     | Found Atyrishri's Armour Emporium.
  9302 | D:11     | XOM: 4-stop teleportation journey
  9315 | D:11     | XOM: god gift: robe {god gift}
  9476 | D:11     | Bought a +1 robe of the Archmagi for 392 gold pieces
  9488 | D:11     | Learned a level 1 spell: Magic Dart
  9638 | Lair:1   | Entered Level 1 of the Lair of Beasts
  9643 | Lair:1   | Noticed a six-headed hydra
  9659 | Lair:1   | Reached skill level 7 in Invocations
  9732 | Lair:1   | Reached skill level 8 in Armour
  9732 | Lair:1   | Reached skill level 7 in Dodging
  9769 | D:10     | XOM: enchant monster (good)
  9847 | D:10     | XOM: mild Necr miscast
  9877 | D:10     | XOM: scenery: create altars
 10040 | D:10     | XOM: give mutations
 10040 | D:10     | Gained mutation: You can translocate small distances at will. [Xom's grace]
 10040 | D:10     | Gained mutation: Your flesh is very heat resistant. (rF++) [Xom's grace]
 10040 | D:10     | Gained mutation: You are very agile. (Dex +4) [Xom's grace]
 10040 | D:10     | Gained mutation: You heal very quickly. [Xom's grace]
 10079 | D:10     | XOM: cleaving
 10086 | D:10     | XOM: potion effect (curing)
 10089 | D:10     | Killed a six-headed hydra
 10105 | D:10     | XOM: god gift: scroll of amnesia
 10302 | Lair:1   | XOM: harmless Summ miscast
 10304 | Lair:1   | Learned a level 3 spell: Dazzling Spray
 10313 | Lair:1   | Reached XP level 12. HP: 96/96 MP: 10/17
 10552 | Lair:1   | XOM: summons 2 hostile demons
 10860 | Lair:1   | XOM is BORED!
 10860 | Lair:1   | XOM: give mutation
 10860 | Lair:1   | Lost mutation: You possess an exceptional clarity of mind. [Xom's mischief]
 11022 | Lair:1   | XOM: noise
 11048 | Lair:2   | Found a staircase to the Snake Pit.
 11054 | Lair:2   | XOM: swap monsters
 11074 | Lair:2   | Noticed an eight-headed hydra
 11085 | Lair:2   | Killed an eight-headed hydra
 11085 | Lair:2   | Reached skill level 7 in Short Blades
 11085 | Lair:2   | Reached skill level 7 in Long Blades
 11085 | Lair:2   | Reached skill level 7 in Axes
 11085 | Lair:2   | Reached skill level 7 in Polearms
 11085 | Lair:2   | Reached skill level 7 in Staves
 11085 | Lair:2   | Reached skill level 7 in Slings
 11085 | Lair:2   | Reached skill level 7 in Bows
 11085 | Lair:2   | Reached skill level 7 in Crossbows
 11085 | Lair:2   | Reached skill level 7 in Throwing
 11085 | Lair:2   | Reached skill level 7 in Stealth
 11085 | Lair:2   | Reached skill level 7 in Shields
 11085 | Lair:2   | Reached skill level 7 in Unarmed Combat
 11085 | Lair:2   | Reached skill level 7 in Spellcasting
 11085 | Lair:2   | Reached skill level 7 in Evocations
 11320 | Lair:2   | Identified a scroll of acquirement
 11323 | Lair:2   | Got an ancient crystal plate armour
 11334 | Lair:2   | Identified the +10 crystal plate armour "Plog" {+Fly Int+2} (You acquired it on level 2 of the Lair of Beasts)
 11411 | Lair:2   | XOM: blink monster(s)
 11445 | Lair:2   | XOM: 3-stop teleportation journey
 11758 | Lair:2   | XOM: mild Fire miscast
 11903 | Lair:2   | XOM: scenery: 1 doors open
 11918 | Lair:2   | XOM: divination: detect items
 11921 | Lair:2   | HP: 24/97 [blink frog (12)]
 11932 | Lair:2   | Reached skill level 6 in Conjurations
 11932 | Lair:2   | Reached skill level 6 in Hexes
 11932 | Lair:2   | Reached skill level 6 in Charms
 11932 | Lair:2   | Reached skill level 6 in Summonings
 11932 | Lair:2   | Reached skill level 6 in Necromancy
 11932 | Lair:2   | Reached skill level 6 in Translocations
 11932 | Lair:2   | Reached skill level 6 in Transmutations
 11932 | Lair:2   | Reached skill level 6 in Fire Magic
 11932 | Lair:2   | Reached skill level 6 in Ice Magic
 11932 | Lair:2   | Reached skill level 6 in Air Magic
 11932 | Lair:2   | Reached skill level 6 in Earth Magic
 11932 | Lair:2   | Reached skill level 6 in Poison Magic
 12464 | Lair:3   | Noticed a five-headed hydra
 12476 | Lair:3   | Reached skill level 8 in Invocations
 12477 | Lair:3   | Killed a five-headed hydra
 12604 | Lair:3   | XOM: confuse monster(s)
 12615 | Lair:3   | XOM: noise
 12679 | Lair:3   | Reached skill level 10 in Fighting
 12679 | Lair:3   | Reached skill level 10 in Maces & Flails
 12679 | Lair:3   | Reached skill level 8 in Dodging
 12690 | Lair:3   | XOM: harmless Hex miscast
 12906 | Lair:3   | XOM: harmless Summ miscast
 12967 | Lair:3   | Found a staircase to the Swamp.
 12986 | Lair:3   | Reached skill level 9 in Armour
 13373 | Lair:3   | XOM: god gift: 400 gold pieces
 13509 | Lair:3   | XOM: scenery: create altars
 13568 | Lair:4   | XOM: confuse monster(s)
 13611 | Lair:4   | XOM: scenery: create altars
 13619 | Lair:4   | Reached XP level 13. HP: 103/103 MP: 12/19
 13711 | Lair:4   | XOM: enchant monster (good)
 13713 | Lair:4   | XOM: enchant monster (good)
 13724 | Lair:4   | XOM: enchant monster (good)
 13825 | Lair:4   | XOM: enchant monster (good)
 14032 | Lair:4   | Noticed Rupert
 14083 | Lair:4   | XOM: potion effect (invisibility)
 14093 | Lair:4   | XOM: noise
 14096 | Lair:4   | XOM: destruction
 14103 | Lair:4   | XOM: divination: detect items
 14108 | Lair:4   | XOM: smoke on damage
 14111 | Lair:4   | XOM: swap monsters
 14119 | Lair:4   | XOM: cast spell 'Olgreb's Toxic Radiance'
 14179 | Lair:4   | XOM: enchant monster (bad)
 14184 | Lair:4   | Reached skill level 8 in Short Blades
 14184 | Lair:4   | Reached skill level 8 in Long Blades
 14184 | Lair:4   | Reached skill level 8 in Axes
 14184 | Lair:4   | Reached skill level 8 in Polearms
 14184 | Lair:4   | Reached skill level 8 in Staves
 14184 | Lair:4   | Reached skill level 8 in Slings
 14184 | Lair:4   | Reached skill level 8 in Bows
 14184 | Lair:4   | Reached skill level 8 in Crossbows
 14184 | Lair:4   | Reached skill level 8 in Throwing
 14184 | Lair:4   | Reached skill level 8 in Stealth
 14184 | Lair:4   | Reached skill level 8 in Shields
 14184 | Lair:4   | Reached skill level 8 in Unarmed Combat
 14184 | Lair:4   | Reached skill level 8 in Spellcasting
 14184 | Lair:4   | Reached skill level 8 in Evocations
 14372 | Lair:4   | XOM: enchant monster (bad)
 14636 | Lair:4   | XOM: god gift: 16 bolts
 14682 | Lair:4   | XOM: summons 4 hostile shadow creatures
 14708 | Lair:4   | HP: 25/103 [dream sheep[Xom] (24)]
 14811 | Lair:4   | XOM: mild Summ miscast
 14913 | Lair:4   | XOM: harmless Necr miscast
 15007 | Lair:4   | XOM: blink monster(s)
 15027 | Lair:3   | Noticed a dire elephant
 15027 | Lair:3   | a death yak changed into a dire elephant
 15027 | Lair:3   | XOM: polymorph death yak -> dire elephant
 15028 | Lair:3   | XOM: harmless Fire miscast
 15042 | Lair:4   | XOM: noise
 15046 | Lair:4   | Noticed an emperor scorpion
 15046 | Lair:4   | a death yak changed into an emperor scorpion
 15181 | Lair:4   | XOM: summons 7 friendly demons
 15373 | Lair:4   | XOM: noise
 15377 | Lair:4   | Paralysed by Rupert for 4 turns
 15378 | Lair:4   | XOM: enchant monster (good)
 15390 | Lair:4   | Killed Rupert
 15390 | Lair:4   | Reached skill level 9 in Invocations
 15391 | Lair:4   | Noticed a minotaur
 15393 | Lair:4   | a minotaur changed into a death yak
 15397 | Lair:4   | Noticed a minotaur
 15397 | Lair:4   | a death yak changed into a minotaur
 15401 | Lair:4   | a minotaur changed into a six-headed hydra
 15403 | Lair:4   | XOM: mild Tloc miscast
 15812 | Lair:4   | XOM: stat loss: -1 Dex (19/21)
 16029 | Lair:4   | XOM: blink monster(s)
 16169 | Lair:5   | XOM: 1-stop teleportation journey
 16219 | Lair:5   | XOM: give mutations
 16219 | Lair:5   | Gained mutation: Your system is resistant to poisons. (rPois) [Xom's grace]
 16219 | Lair:5   | Gained mutation: You possess an exceptional clarity of mind. [Xom's grace]
 16219 | Lair:5   | Gained mutation: You are resistant to hostile enchantments. (MR+) [Xom's grace]
 16227 | Lair:5   | Found a staircase to the Slime Pits.
 16234 | Lair:5   | XOM: 1-stop teleportation journey
 16248 | Lair:5   | XOM: fog
 16264 | Lair:5   | HP: 23/104 [porcupine (10)]
 16265 | Lair:5   | HP: 11/104 [porcupine (14)]
 16335 | Lair:5   | Found a viscous altar of Jiyva.
 16366 | Lair:5   | Reached skill level 7 in Conjurations
 16366 | Lair:5   | Reached skill level 7 in Hexes
 16366 | Lair:5   | Reached skill level 7 in Charms
 16366 | Lair:5   | Reached skill level 7 in Summonings
 16366 | Lair:5   | Reached skill level 7 in Necromancy
 16366 | Lair:5   | Reached skill level 7 in Translocations
 16366 | Lair:5   | Reached skill level 7 in Transmutations
 16366 | Lair:5   | Reached skill level 7 in Fire Magic
 16366 | Lair:5   | Reached skill level 7 in Ice Magic
 16366 | Lair:5   | Reached skill level 7 in Air Magic
 16366 | Lair:5   | Reached skill level 7 in Earth Magic
 16366 | Lair:5   | Reached skill level 7 in Poison Magic
 16392 | Lair:5   | XOM: confuse monster(s)
 16415 | Lair:5   | XOM: divination: detect items
 16515 | Lair:5   | XOM: cast spell 'Ring of Flames'
 16665 | Lair:5   | XOM: divination: detect items
 16671 | Lair:5   | XOM: cast spell 'Call Canine Familiar'
 16679 | Lair:5   | XOM: scenery: create altars
 16704 | Lair:5   | XOM: destruction
 16708 | Lair:5   | Reached skill level 9 in Dodging
 16717 | Lair:5   | XOM: medium Air miscast
 16733 | Lair:5   | XOM: god gift: 17 gold pieces
 16742 | Lair:5   | XOM: harmless Tloc miscast
 16752 | Lair:5   | XOM: polymorph elephant -> fire crab
 16756 | Lair:5   | XOM: harmless Summ miscast
 16765 | Lair:5   | XOM: enchant monster (good)
 16798 | Lair:5   | HP: 23/104 [elephant (9)]
 16799 | Lair:5   | Reached XP level 14. HP: 24/111 MP: 1/21
 17022 | Lair:5   | XOM: polymorph six-headed hydra -> minotaur
 17022 | Lair:5   | Noticed a ghost moth
 17022 | Lair:5   | a minotaur changed into a ghost moth
 17026 | Lair:5   | a ghost moth changed into a death yak
 17117 | Lair:5   | XOM: god gift: wand of scattershot (8)
 17161 | Lair:5   | XOM: give mutation
 17161 | Lair:5   | Gained mutation: Your mind is very acute. (Int +4) [Xom's grace]
 17381 | Lair:5   | XOM: give mutations
 17381 | Lair:5   | Gained mutation: You have a pair of horns on your head. [Xom's grace]
 17381 | Lair:5   | Gained mutation: You expend magic power (3 MP) to strengthen your wands. [Xom's grace]
 17485 | Lair:6   | Entered Level 6 of the Lair of Beasts
 17495 | Lair:6   | XOM: repel stairs
 17500 | Lair:6   | XOM: enchant monster (bad)
 17502 | Lair:6   | XOM: fog
 17516 | Lair:6   | XOM: summons 7 friendly demons
 17520 | Lair:6   | XOM: divination: detect creatures
 17541 | Lair:6   | XOM: summons friendly white imp
 17544 | Lair:6   | XOM: scenery: create altars
 17559 | Lair:6   | XOM: scenery: create altars
 17565 | Lair:6   | Reached skill level 10 in Armour
 17715 | Lair:6   | Got a faintly humming leather armour
 17781 | Lair:6   | XOM: scenery: create altars
 17894 | Lair:6   | XOM: confuse monster(s)
 17905 | Lair:6   | Reached skill level 11 in Fighting
 17905 | Lair:6   | Reached skill level 11 in Maces & Flails
 17909 | Lair:6   | XOM: 1-stop teleportation journey
 18050 | Lair:6   | Reached skill level 9 in Short Blades
 18050 | Lair:6   | Reached skill level 9 in Long Blades
 18050 | Lair:6   | Reached skill level 9 in Axes
 18050 | Lair:6   | Reached skill level 9 in Polearms
 18050 | Lair:6   | Reached skill level 9 in Staves
 18050 | Lair:6   | Reached skill level 9 in Slings
 18050 | Lair:6   | Reached skill level 9 in Bows
 18050 | Lair:6   | Reached skill level 9 in Crossbows
 18050 | Lair:6   | Reached skill level 9 in Throwing
 18050 | Lair:6   | Reached skill level 9 in Stealth
 18050 | Lair:6   | Reached skill level 9 in Shields
 18050 | Lair:6   | Reached skill level 9 in Unarmed Combat
 18050 | Lair:6   | Reached skill level 9 in Spellcasting
 18050 | Lair:6   | Reached skill level 9 in Evocations
 18087 | Lair:6   | Found a frozen archway.
 18090 | Lair:6   | XOM: fog
 18091 | Lair:6   | XOM: divine lightning
 18131 | IceCv    | Entered an ice cave
 18153 | IceCv    | XOM: cast spell 'Metabolic Englaciation'
 18231 | IceCv    | XOM: polymorph ice beast -> scorpion
 18233 | IceCv    | XOM: enchant monster (good)
 18289 | IceCv    | XOM: summons 8 friendly demons
 18317 | IceCv    | XOM: 2-stop teleportation journey
 18323 | IceCv    | HP: 25/113 [ice devil (4)]
 18328 | IceCv    | HP: 19/113 [ice devil (11)]
 18332 | IceCv    | XOM: smoke on damage
 18339 | IceCv    | HP: 28/113 [ice devil (5)]
 18341 | IceCv    | HP: 12/113 [ice devil (15)]
 18365 | IceCv    | Killed a reaper
 18452 | IceCv    | Identified the +1 leather armour "Ruatozef" {rElec Slay+3} (You found it on level 6 of the Lair of Beasts)
 18492 | IceCv    | Learned a level 2 spell: Call Imp
 18507 | IceCv    | XOM: mild Ice miscast
 18518 | IceCv    | XOM: cast spell 'Statue Form'
 18519 | IceCv    | XOM: confuse monster(s)
 18520 | IceCv    | XOM: polymorph ice devil -> ice devil
 18620 | IceCv    | XOM: cast spell 'Dispersal'
 18622 | IceCv    | XOM: torment (49/113 hp)
 18630 | IceCv    | XOM: summons 10 friendly demons
 18693 | IceCv    | XOM: mild Tmut miscast
 18713 | IceCv    | XOM: harmless Tloc miscast
 18783 | Lair:6   | Reached skill level 10 in Invocations
 18786 | Lair:6   | XOM: swap monsters
 18788 | Lair:6   | XOM: polymorph crocodile -> wolf
 18799 | Lair:6   | XOM: mild Air miscast
 18799 | Lair:6   | XOM: smoke on damage
 18806 | Lair:5   | XOM: confuse monster(s)
 18815 | Lair:5   | Noticed a dire elephant
 18815 | Lair:5   | an eight-headed hydra changed into a dire elephant
 18815 | Lair:5   | XOM: polymorph eight-headed hydra -> dire elephant
 18888 | Lair:6   | XOM: repel stairs
 19079 | Lair:6   | XOM: enchant monster (bad)
 19253 | Lair:6   | XOM: enchant monster (bad)
 19269 | Lair:6   | XOM: enchant monster (bad)
 19289 | Lair:6   | XOM: 4-stop teleportation journey
 19470 | Lair:6   | XOM: enchant monster (bad)
 19482 | Lair:6   | HP: 26/113 [drowned by a drowned soul[a merfolk avatar] (10)]
 19487 | Lair:6   | HP: 21/113 [drowned by a drowned soul[a merfolk avatar] (13)]
 19488 | Lair:6   | HP: 6/113 [drowned by a drowned soul[a merfolk avatar] (16)]
 19490 | Lair:6   | Drowned by a drowned soul

Vault maps used:
D:1:      arrival_aquarium_a, minmay_tall_x
D:2:      first_ration, serial_co_window_serial, co_window_of_opportunity_a,
          co_window_corner_a, co_window_paths_b, co_window_corner_a,
          co_window_cross_1, co_window_paths_b, co_window_of_opportunity_a,
          co_window_paths_a, co_window_of_opportunity_a, co_window_paths_c,
          co_window_cross_3, co_window_unsneaky_path_d, co_window_broadway_b,
          co_window_unsneaky_path_c, co_window_corner_ca, co_window_paths_e,
          glass_columns_a, glass_columns_b, glass_columns_c, glass_columns_a,
          glass_columns_c
D:3:      makhleb_altar_promises_db, uniq_purgy, uniq_natasha
D:4:      minmay_temple_entry_large_hall, yredelemnul_altar_generic,
          uniq_duvessa
D:5:      nicolae_sextant, kennysheep_cross_room, uniq_menkaure
D:7:      uniq_prince_ribbit1
D:8:      hangedman_pestilent_swarm, jiyva_altar_1, uniq_grum
D:9:      serial_undead, serial_undead_d, serial_undead_d, serial_undead_c,
          serial_undead_b, serial_undead_b, serial_undead_d, serial_shops,
          shop_fountains, dk_vineyard_2, feat_on_display
D:10:     erik_lair_dragon
D:11:     serial_shops, kennysheep_little_box, nicolae_shop_trees,
          nicolae_shop_stone, nicolae_shop_stone, shop
Lair:1:   grunt_megastairs_3
Lair:2:   minmay_snake_entry_guardpost_small, st_stairs_4,
          grunt_forest_large_clearing_hut
Lair:3:   swamp_mist_pool, grunt_megastairs_1
Lair:4:   beast_lair_carwin_large_1, uniq_rupert
Lair:5:   slime_altar_1
Lair:6:   gammafunk_lair_ancient_temple,
          portal_ice_cave_entry_animals_and_master, grunt_megastairs_5,
          minmay_lair_oklob_chamber, serial_bayou_shore_b
IceCv:    ice_cave_small_demon

Skill      XL: |  1  2  3  4  5  6  7  8  9 10 11 12 13 14 |
---------------+-------------------------------------------+-----
Invocations    | 1 2 3 4 5 6 7 8 9 10 | 10.1
Short Blades   | 1 2 3 4 5 6 7 8 9 |  9.3
Long Blades    | 1 2 3 4 5 6 7 8 9 |  9.3
Axes           | 1 2 3 4 5 6 7 8 9 |  9.3
Polearms       | 1 2 3 4 5 6 7 8 9 |  9.3
Staves         | 1 2 3 4 5 6 7 8 9 |  9.3
Slings         | 1 2 3 4 5 6 7 8 9 |  9.3
Bows           | 1 2 3 4 5 6 7 8 9 |  9.3
Crossbows      | 1 2 3 4 5 6 7 8 9 |  9.3
Throwing       | 1 2 3 4 5 6 7 8 9 |  9.3
Stealth        | 1 2 3 4 5 6 7 8 9 |  9.3
Shields        | 1 2 3 4 5 6 7 8 9 |  9.3
Unarmed Combat | 1 2 3 4 5 6 7 8 9 |  9.3
Spellcasting   | 1 2 3 4 5 6 7 8 9 |  9.3
Evocations     | 1 2 3 4 5 6 7 8 9 |  9.3
Conjurations   | 1 2 3 4 5 6 7 |  7.8
Hexes          | 1 2 3 4 5 6 7 |  7.8
Charms         | 1 2 3 4 5 6 7 |  7.8
Summonings     | 1 2 3 4 5 6 7 |  7.8
Necromancy     | 1 2 3 4 5 6 7 |  7.8
Translocations | 1 2 3 4 5 6 7 |  7.8
Transmutations | 1 2 3 4 5 6 7 |  7.8
Fire Magic     | 1 2 3 4 5 6 7 |  7.8
Ice Magic      | 1 2 3 4 5 6 7 |  7.8
Air Magic      | 1 2 3 4 5 6 7 |  7.8
Earth Magic    | 1 2 3 4 5 6 7 |  7.8
Poison Magic   | 1 2 3 4 5 6 7 |  7.8
Dodging        | 3 4 5 6 7 8 9 |  9.7
Armour         | 5 6 7 8 9 10 | 10.3
Fighting       | 7 8 9 10 11 | 11.2
Maces & Flails | 7 8 9 10 11 | 11.2

Action                   |  1- 3 |  4- 6 |  7- 9 | 10-12 | 13-15 || total
-------------------------+-------+-------+-------+-------+-------++-------
Melee: Mace              |   107 |   104 |    68 |       |       ||   279
       Bite              |     4 |    14 |    29 |    73 |   137 ||   257
       Headbutt          |       |    12 |    61 |   134 |   221 ||   428
       Punch             |       |     1 |     5 |    13 |    46 ||    65
       Dagger            |       |       |   245 |   576 |   703 ||  1524
       Demon blade       |       |       |       |       |     7 ||     7
 Fire: Hunting sling     |       |       |       |   349 |   204 ||   553
Throw: Javelin           |       |       |       |     5 |     2 ||     7
 Cast: Mephitic Cloud    |       |       |     1 |     7 |     8 ||    16
       Conjure Flame     |       |       |       |    11 |     2 ||    13
       Magic Dart        |       |       |       |    22 |       ||    22
       Regeneration      |       |       |       |     3 |     6 ||     9
       Dazzling Spray    |       |       |       |    73 |   161 ||   234
       Animate Dead      |       |       |       |     2 |     3 ||     5
       Call Imp          |       |       |       |       |     7 ||     7
  Use: Scroll            |       |     3 |     3 |    18 |    12 ||    36
       Potion            |       |     2 |     1 |     1 |    11 ||    15
 Stab: Confused          |       |     1 |       |     3 |     6 ||    10
       Paralysed         |       |     1 |       |       |       ||     1
       Sleeping          |       |       |     9 |     3 |     6 ||    18
       Invisible         |       |       |     7 |     1 |    19 ||    27
       Distracted        |       |       |       |     2 |     3 ||     5
       Petrified         |       |       |       |       |     4 ||     4
  Eat: Chunk             |     2 |     3 |     7 |    29 |    14 ||    55
       Ration            |       |       |     1 |     1 |     2 ||     4
Armor: Leather armour    |    18 |       |       |       |       ||    18
       Ring mail         |    14 |    48 |    86 |   202 |       ||   350
       Steam dragon scal |       |       |       |    18 |       ||    18
       Robe              |       |       |       |    38 |   122 ||   160
       Skin              |       |       |       |       |     2 ||     2
Dodge: Dodged            |    67 |    55 |   170 |   529 |   596 ||  1417
       Rpst.: Demon blade |       |       |       |       |     2 ||     2

Table legend:
 A = Spawn XP
 B = Non-spawn XP
 C = Spawn XP percentage of total XP
 D = Spawn monster count
 E = Non-spawn monster count
 F = Spawn count percentage of total count
 G = Total turns spent on level
                    A         B        C        D         E        F      G
               +---------+---------+-------+---------+---------+-------+---------
         Total |       0 |   78641 |   0.0 |       0 |     490 |   0.0 | 19490
               +---------+---------+-------+---------+---------+-------+---------
           D:1 |       0 |      52 |   0.0 |       0 |      27 |   0.0 |   863
           D:2 |       0 |      41 |   0.0 |       0 |      21 |   0.0 |   995
           D:3 |       0 |     348 |   0.0 |       0 |      23 |   0.0 |   688
           D:4 |       0 |     547 |   0.0 |       0 |      24 |   0.0 |   952
           D:5 |       0 |     574 |   0.0 |       0 |      12 |   0.0 |   779
           D:6 |       0 |    1301 |   0.0 |       0 |      25 |   0.0 |   673
           D:7 |       0 |    2199 |   0.0 |       0 |      31 |   0.0 |   676
           D:8 |       0 |    2853 |   0.0 |       0 |      42 |   0.0 |  1050
           D:9 |       0 |    2788 |   0.0 |       0 |      45 |   0.0 |   976
          D:10 |       0 |    4635 |   0.0 |       0 |      21 |   0.0 |  1638
          D:11 |       0 |    1275 |   0.0 |       0 |      20 |   0.0 |   739
        Lair:1 |       0 |    4408 |   0.0 |       0 |      22 |   0.0 |  1008
        Lair:2 |       0 |    4565 |   0.0 |       0 |      18 |   0.0 |  1305
        Lair:3 |       0 |    6317 |   0.0 |       0 |      20 |   0.0 |  1308
        Lair:4 |       0 |   12806 |   0.0 |       0 |      32 |   0.0 |  2560
        Lair:5 |       0 |   11191 |   0.0 |       0 |      33 |   0.0 |  1361
        Lair:6 |       0 |   18216 |   0.0 |       0 |      53 |   0.0 |  1292
         IceCv |       0 |    4525 |   0.0 |       0 |      21 |   0.0 |   627
               +---------+---------+-------+---------+---------+-------+---------

Vault maps used:
D:1:      arrival_aquarium_a, minmay_tall_x
D:2:      first_ration, serial_co_window_serial, co_window_of_opportunity_a,
          co_window_corner_a, co_window_paths_b, co_window_corner_a,
          co_window_cross_1, co_window_paths_b, co_window_of_opportunity_a,
          co_window_paths_a, co_window_of_opportunity_a, co_window_paths_c,
          co_window_cross_3, co_window_unsneaky_path_d, co_window_broadway_b,
          co_window_unsneaky_path_c, co_window_corner_ca, co_window_paths_e,
          glass_columns_a, glass_columns_b, glass_columns_c, glass_columns_a,
          glass_columns_c
D:3:      makhleb_altar_promises_db, uniq_purgy, uniq_natasha
D:4:      minmay_temple_entry_large_hall, yredelemnul_altar_generic,
          uniq_duvessa
D:5:      nicolae_sextant, kennysheep_cross_room, uniq_menkaure
D:7:      uniq_prince_ribbit1
D:8:      hangedman_pestilent_swarm, jiyva_altar_1, uniq_grum
D:9:      serial_undead, serial_undead_d, serial_undead_d, serial_undead_c,
          serial_undead_b, serial_undead_b, serial_undead_d, serial_shops,
          shop_fountains, dk_vineyard_2, feat_on_display
D:10:     erik_lair_dragon
D:11:     serial_shops, kennysheep_little_box, nicolae_shop_trees,
          nicolae_shop_stone, nicolae_shop_stone, shop
Lair:1:   grunt_megastairs_3
Lair:2:   minmay_snake_entry_guardpost_small, st_stairs_4,
          grunt_forest_large_clearing_hut
Lair:3:   swamp_mist_pool, grunt_megastairs_1
Lair:4:   beast_lair_carwin_large_1, uniq_rupert
Lair:5:   slime_altar_1
Lair:6:   gammafunk_lair_ancient_temple,
          portal_ice_cave_entry_animals_and_master, grunt_megastairs_5,
          minmay_lair_oklob_chamber, serial_bayou_shore_b
IceCv:    ice_cave_small_demon

Table legend:
 A = Turns spent in this place as a percentage of turns spent in the entire game.
 B = Non-inter-level travel turns spent in this place as a percentage of non-inter-level travel turns spent in the entire game.
 C = Inter-level travel turns spent in this place as a percentage of turns spent in this place.
 D = Turns resting spent in this place as a percentage of non-inter-level travel turns spent in this place.
 E = Turns spent auto-exploring this place as a percentage of non-inter-level travel turns spent in this place.
 F = Non-inter-level travel turns spent in this place divided by the number of levels of this place that you've seen.
                   A       B       C       D       E      F
               +-------+-------+-------+-------+-------+----------------------
         Total | 100.0 | 100.0 |   6.6 |   0.5 |  69.9 | 1011.1
       Dungeon |  51.5 |  49.4 |  10.4 |   0.4 |  70.0 | 817.2
          Lair |  45.3 |  47.2 |   2.8 |   0.0 |  73.7 | 1430.7
      Ice Cave |   3.2 |   3.4 |   0.0 |   7.3 |  15.8 | 627.0
               +-------+-------+-------+-------+-------+----------------------

Table legend:
 A = Kills in this place as a percentage of kills in entire the game.
 B = Kills by you in this place as a percentage of kills by you in the entire game.
 C = Kills by friends in this place as a percentage of kills by friends in the entire game.
 D = Other kills in this place as a percentage of other kills in the entire game.
 E = Experience gained in this place as a percentage of experience gained in the entire game.
 F = Experience gained in this place divided by the number of levels of this place that you have seen.
                   A       B       C       D       E      F
               +-------+-------+-------+-------+-------+----------------------
         Total | 100.0 | 100.0 | 100.0 | 100.0 | 100.0 | 4368.9
       Dungeon |  59.4 |  60.5 |  23.1 |  56.2 |  21.1 | 1510.3
          Lair |  36.3 |  35.4 |  61.5 |  43.8 |  73.1 | 9583.8
      Ice Cave |   4.3 |   4.1 |  15.4 |   0.0 |   5.8 | 4525.0
               +-------+-------+-------+-------+-------+----------------------
